 Dungeon Crawl Stone Soup version 0.31-a0-859-g9dce7d3444 (webtiles) character file.

Game seed: 4501128935509556472

4635 Dirtsage the Mimic (level 10, -2/80 HPs)
             Began as an Octopode Shapeshifter on Oct 9, 2023.
             Was a Follower of Wu Jian.
             Slain by a two-headed ogre
             ... wielding a +0 giant club
              (9 damage)
             ... on level 8 of the Dungeon.
             The game lasted 00:17:52 (6787 turns).

Dirtsage the Mimic (Octopode Shapeshifter)          Turns: 6787, Time: 00:17:53

Health: -2/80      AC:  8    Str: 22    XL:     10   Next: 43%
Magic:  10/10      EV: 10    Int: 13    God:    Wu Jian [*.....]
Gold:   131        SH:  0    Dex: 12    Spells: 7/9 levels left

rFire   . .          .
                       - Unarmed
rCold   . . .        (shield currently unavailable)
rNeg    . . .        (helmet currently unavailable)
rPois   .            D - amulet of faith
rElec   .            (no ring)
rCorr   .            (no ring)
SInv    .            (no ring)
Will    .....        (no ring)
Stlth   +            (no ring)
HPRegen 0.33/turn    (no ring)
MPRegen 0.12/turn    (no ring)
                     (no ring)

%: faith
@: snake-form, studying Shapeshifting
A: constrict, boosted hp, almost no armour, amphibious, 8 rings, large,
(camouflage 1), (gelatinous body 1), (nimble swimmer 1), (tentacles)
a: Begin Untransformation, Renounce Religion


You were on level 8 of the Dungeon.
You worshipped Wu Jian.
Wu Jian was aware of your devotion.
You were an enormous anaconda.
You visited 2 branches of the dungeon, and saw 9 of its levels.

You collected 639 gold pieces.
You spent 508 gold pieces at shops.

Inventory:

Missiles
 i - a curare-tipped dart
Jewellery
 e - an amulet of magic regeneration
 D - an amulet of faith (around neck)
Talismans
 b - a beast talisman
 c - a flux talisman
 y - a serpent talisman (active)
Wands
 p - a wand of paralysis (1)
 t - a wand of roots (6)
 z - a wand of flame (18)
 A - a wand of mindburst (23)
Scrolls
 a - 2 scrolls of vulnerability
 f - 5 scrolls of amnesia
 j - a scroll of noise
 l - 2 scrolls of enchant armour
 n - a scroll of fear {unknown}
 o - a scroll of silence {unknown}
 q - 3 scrolls of immolation
 v - a scroll of fog
 B - a scroll of teleportation {unknown}
 C - a scroll of enchant weapon {unknown}
Potions
 d - 3 potions of might
 g - 2 potions of enlightenment
 h - 2 potions of haste
 k - a potion of lignification
 m - a potion of brilliance
 r - 3 potions of degeneration
 s - 2 potions of ambrosia
 w - 2 potions of attraction
 x - a potion of invisibility


   Skills:
 + Level 5.7 Fighting
 - Level 2.0 Dodging
 * Level 9.0 Unarmed Combat
 + Level 5.5 Transmutations
 + Level 4.7 Evocations
 * Level 9.8 Shapeshifting


You had 7 spell levels left.
You knew the following spells:

 Your Spells              Type           Power      Damage    Failure   Level
a - Wereblood             Tmut           14%        N/A       4%          2

Your spell library contained the following spells:

 Spells                   Type           Power      Damage    Failure   Level
 Irradiate                Conj/Tmut      3%         3d12      95%         5


Dungeon Overview and Level Annotations

Branches:
Dungeon (8/15)             Temple (1/1) D:7
   Lair: D:8-11

Altars:
Ashenzari
Elyvilon
Fedhas
Hepliaklqana
Kikubaaqudgha
Makhleb
Nemelex Xobeh
Okawaru
Qazlal
Ru
Sif Muna
Trog
Uskayaw
Vehumet
Wu Jian
Xom
Yredelemnul
The Shining One

Shops:
D:1 *   D:5 ?

Annotations:
D:7 Menkaure


Innate Abilities, Weirdness & Mutations

You are an enormous anaconda.
You have a powerful constriction melee attack.
Your maximum health is increased.
Your armour is entirely melded.
You are incapable of wielding weapons or throwing items.
You cannot wear most types of armour.
You are amphibious.
You can wear up to eight rings at the same time.
((Your skin changes colour to match your surroundings (Stealth+).))
((Your rubbery body absorbs attacks. (AC +1, EV +1)))
((You are camouflaged when in or above water. (Stealth+)))
((You have tentacles for arms and can constrict up to eight enemies at once.))


Message History

The two-headed ogre shouts in stereo!
Aiming: Paralyse
Press: ? - help, Shift-Dir - straight line, f - two-headed ogre
Aim: a two-headed ogre, wielding a +0 giant club and a +0 giant spiked club (chance to affect: 43%)
The two-headed ogre resists with some effort.
Aiming: Paralyse
Press: ? - help, Shift-Dir - straight line, f/p - two-headed ogre
Aim: a two-headed ogre, wielding a +0 giant club and a +0 giant spiked club (chance to affect: 43%)
The two-headed ogre resists with some effort.
Aiming: Paralyse
Press: ? - help, Shift-Dir - straight line, f/p - two-headed ogre
Aim: a two-headed ogre, wielding a +0 giant club and a +0 giant spiked club (chance to affect: 43%)
The two-headed ogre resists with some effort.
Aiming: Paralyse
Press: ? - help, Shift-Dir - straight line, f/p - two-headed ogre
Aim: a two-headed ogre, wielding a +0 giant club and a +0 giant spiked club (chance to affect: 43%)
The two-headed ogre resists with some effort.
The two-headed ogre hits you with a +0 giant club!!
The two-headed ogre hits you with a +0 giant spiked club!!
You take 42 damage, and have 38/80 hp.
MASSIVE DAMAGE!!
Aiming: Paralyse
Press: ? - help, Shift-Dir - straight line, f/p - two-headed ogre
Aim: a two-headed ogre, wielding a +0 giant club and a +0 giant spiked club (chance to affect: 43%)
The two-headed ogre resists with some effort.
The two-headed ogre hits you with a +0 giant club!!
* * * LOW HITPOINT WARNING * * *
The two-headed ogre barely misses you.
You take 21 damage, and have 17/80 hp.
MASSIVE DAMAGE!!
Aiming: Paralyse
Press: ? - help, Shift-Dir - straight line, f/p - two-headed ogre
Aim: a two-headed ogre, wielding a +0 giant club and a +0 giant spiked club (chance to affect: 43%)
The two-headed ogre resists with some effort.
Aiming: Paralyse
Press: ? - help, Shift-Dir - straight line, f/p - two-headed ogre
Aim: a two-headed ogre, wielding a +0 giant club and a +0 giant spiked club (chance to affect: 43%)
The two-headed ogre resists with some effort.
The two-headed ogre hits you with a +0 giant club!
* * * LOW HITPOINT WARNING * * *
The two-headed ogre hits you with a +0 giant spiked club!
You die...

.................#...#.......
.................'...#.......
.................#...# ..
.............###.# ..
######+##......#.### ###
+......'...# #.. #......#...#
#.. ########......##### ##.
.......S####### ## .......O#
........# ........# ........#
........# ........# ######+##


You could see a two-headed ogre.

Vanquished Creatures
  Maggie (D:6)
  Grinder (D:3)
  Sigmund (D:3)
  Eustachio (D:6)
  Edmund (D:6)
  A water moccasin (D:6)
  An orc warrior (D:8)
  4 black bears
  2 ice beasts
  3 ogres
  2 centaurs (D:6)
  A kobold brigand (D:8)
  2 phantoms
  3 bullfrogs
  3 scorpions
  A killer bee (D:8)
  2 vampire bats (D:6)
  5 hounds
  A jelly (D:5)
  2 orc priests
  2 sleepcaps
  Ijyb (D:3)
  Natasha (thrice) (D:3)
  4 iguanas
  5 orc wizards
  Robin (D:2)
  8 adders
  A shadow imp (D:7)
  A white imp (D:6)
  An ufetubus (D:5)
  3 dart slugs
  18 orcs
  A bat skeleton (D:6)
  5 bat zombies (D:6)
  4 endoplasms
  5 giant cockroaches
  20 goblins
  12 hobgoblins
  6 jackals
  2 quokkas
  3 ball pythons
  5 bats
  3 frilled lizards
  16 kobolds
  6 rats
174 creatures vanquished.

Vanquished Creatures (collateral kills)
  A two-headed ogre (D:8)
  A troll (D:8)
  An orc warrior (D:8)
  4 killer bees (D:8)
  2 orcs (D:8)
9 creatures vanquished.

Vanquished Creatures (others)
  An orc wizard (D:7)
1 creature vanquished.

Grand Total: 184 creatures vanquished

Notes
Turn   | Place    | Note
-------+----------+-------------------------------------------
     0 | D:1      | Dirtsage the Octopode Shapeshifter began the quest for the
                  | Orb.
     0 | D:1      | Reached XP level 1. HP: 13/13 MP: 1/1
    96 | D:1      | Reached XP level 2. HP: 16/18 MP: 2/2
   197 | D:1      | Found Nunoyq's General Store.
   212 | D:1      | Bought a scroll of identify for 20 gold pieces
   374 | D:1      | Reached XP level 3. HP: 23/23 MP: 3/3
   497 | D:1      | Learned a level 2 spell: Wereblood
   702 | D:2      | Found a sacrificial altar of Ru.
   783 | D:2      | Noticed Robin
   856 | D:2      | Reached XP level 4. HP: 26/28 MP: 4/4
  1348 | D:2      | Found a faded altar of an unknown god.
  1405 | D:3      | Found a burning altar of Makhleb.
  1445 | D:3      | Noticed Natasha
  1447 | D:3      | Noticed Grinder
  1449 | D:3      | HP: 1/28 [Natasha/puff of flame (12)]
  1453 | D:3      | Killed Natasha
  1454 | D:3      | Reached skill level 1 in Transmutations
  1584 | D:3      | Paralysed by Grinder for 3 turns
  1597 | D:3      | Paralysed by Grinder for 2 turns
  1600 | D:3      | Killed Grinder
  1601 | D:3      | Reached skill level 5 in Unarmed Combat
  1601 | D:3      | Reached XP level 5. HP: 10/35 MP: 5/5
  1601 | D:3      | Reached XP level 6. HP: 12/41 MP: 6/6
  1877 | D:3      | Found a blossoming altar of Fedhas.
  2023 | D:3      | Noticed Sigmund
  2082 | D:3      | Killed Sigmund
  2083 | D:3      | Reached XP level 7. HP: 34/45 MP: 7/7
  2488 | D:4      | Reached skill level 5 in Shapeshifting
  2563 | D:4      | Identified the +7 mace of Uskayaw, Rescuing {vamp, *Rage
                  | Str+5}
  2856 | D:3      | Noticed Natasha
  2867 | D:3      | Killed Natasha
  2978 | D:3      | Noticed Ijyb
  3005 | D:3      | Killed Ijyb
  3006 | D:3      | Reached XP level 8. HP: 43/52 MP: 8/8
  3267 | D:3      | Found an iron altar of Okawaru.
  3301 | D:5      | Entered Level 5 of the Dungeon
  3301 | D:5      | Found Lask's Magic Scroll Shop.
  3307 | D:5      | Reached skill level 1 in Evocations
  3325 | D:5      | Found a broken altar of Ashenzari.
  3675 | D:5      | Bought a scroll of identify for 22 gold pieces
  3675 | D:5      | Bought a scroll of identify for 22 gold pieces
  3675 | D:5      | Bought a scroll of identify for 22 gold pieces
  3675 | D:5      | Bought a scroll of identify for 22 gold pieces
  3700 | D:5      | Identified a scroll of acquirement
  3703 | D:5      | Acquired a manual of Shapeshifting
  4136 | D:6      | Noticed Edmund
  4146 | D:6      | Killed Edmund
  4147 | D:6      | Reached XP level 9. HP: 59/59 MP: 9/9
  4474 | D:6      | Found an ancient bone altar of Kikubaaqudgha.
  4744 | D:6      | Noticed Eustachio
  4757 | D:6      | Killed Eustachio
  4760 | D:6      | Found a hazy altar of Hepliaklqana.
  4940 | D:6      | Noticed Maggie
  4949 | D:6      | Killed Maggie
  4950 | D:6      | Reached skill level 5 in Fighting
  5160 | D:2      | Killed Robin
  5183 | D:1      | Bought a serpent talisman for 400 gold pieces
  5277 | D:3      | Noticed Natasha
  5283 | D:3      | Killed Natasha
  5403 | D:7      | Found a staircase to the Ecumenical Temple.
  5409 | Temple   | Entered the Ecumenical Temple
  5473 | D:7      | Found an ornate altar of the Wu Jian Council.
  5538 | D:7      | Became a worshipper of the Wu Jian Council
  5790 | D:7      | Noticed Menkaure
  5818 | D:8      | Found a bloodstained altar of Trog.
  5821 | D:8      | Reached skill level 5 in Transmutations
  6174 | D:8      | Reached XP level 10. HP: 63/66 MP: 10/10
  6508 | D:8      | Noticed a two-headed ogre
  6513 | D:8      | Killed a two-headed ogre
  6513 | D:8      | Reached * piety under Wu Jian
  6779 | D:8      | Noticed a two-headed ogre
  6787 | D:8      | Slain by a two-headed ogre

Illustrated notes

Levels and vault maps discovered:
D:1:      minmay_arrival_jagged, layout_rooms, serial_shops,
          nicolae_shop_tiny_glass
D:2:      layout_loops_ring, dilly_ecumenical_altar_fadedgnrine, basic_altar,
          kennysheep_generic_room_15, uniq_robin
D:3:      kennysheep_goblin_castle, layout_rooms, marbit_many_paths,
          mainiacjoe_overflow_brackets, mainiacjoe_overflow_tiny_flanked,
          uniq_sigmund, uniq_grinder, uniq_ijyb, uniq_natasha
D:4:      layout_cave_pools
D:5:      layout_rooms, ashenzari_altar_1, serial_shops, shop
D:6:      layout_rooms, kennysheep_vampire_church, mainiacjoe_overflow_alcove_1,
          nicolae_lava_and_water, uniq_eustachio, uniq_edmund, uniq_maggie
D:7:      layout_loops_ring, mainiacjoe_overflow_alcove_4,
          minmay_temple_entry_enclosed_plants, uniq_menkaure
D:8:      layout_gridville, trog_ov_bears_minmay, jmf_multi_god_temple2
Temple:   jpeg_temple_alley_garden

Skill      XL: |  1  2  3  4  5  6  7  8  9 10 |
---------------+-------------------------------+-----
Unarmed Combat | 4 5 6 7 8 9 |  9.0
Transmutations | 1 2 3 4 5 |  5.5
Fighting       | 2 3 4 5 |  5.7
Shapeshifting  | 4 5 6 8 9 |  9.8
Evocations     | 2 4 |  4.7
Dodging        | |  2.0

Action                     |  1- 3 |  4- 6 |  7- 9 | 10-12 || total
---------------------------+-------+-------+-------+-------++-------
  Melee: Unarmed           |    58 |    60 |   208 |    48 ||   374
         Constrict         |    17 |    15 |    50 |     9 ||    91
         Tentacles         |     8 |     9 |    53 |       ||    70
         Punch             |     2 |       |    13 |       ||    15
Ability: Lunge             |       |       |       |     2 ||     2
  Evoke: Wand              |       |       |     5 |     7 ||    12
    Use: Scroll            |     2 |     2 |    12 |     2 ||    18
         Potion            |       |     3 |     1 |       ||     4
   Stab: Sleeping          |     5 |     4 |     2 |       ||    11
         Paralysed         |       |       |    12 |       ||    12
         Distracted        |       |       |     1 |       ||     1
 Armour: Skin              |    23 |    42 |   106 |    43 ||   214
  Dodge: Dodged            |    22 |    21 |   112 |    27 ||   182
   Form: Anaconda          |       |       |     1 |       ||     1

Table legend: (Time is in decaauts)
 A = Elapsed time spent in this place.
 B = Non-inter-level travel time spent in this place.
 C = Inter-level travel time spent in this place.
 D = Time resting spent in this place.
 E = Time spent auto-exploring this place.
 F = Levels seen in this place.
 G = Mean time per level.
                   A        B        C        D        E       F      G
               +--------+--------+--------+--------+--------+-----+--------+
         Total |   6745 |   6354 |    391 |   1014 |   4092 |   9 |  749.4 |
       Dungeon |   6744 |   6353 |    391 |   1014 |   4092 |   8 |  843.0 |
        Temple |      1 |      1 |      0 |      0 |      0 |   1 |    1.0 |
               +--------+--------+--------+--------+--------+-----+--------+

Top non-repeatable levels by time:
     D:3: 1288 daAuts
     D:2: 1074 daAuts
     D:6: 908 daAuts
     D:5: 850 daAuts
     D:7: 827 daAuts
     D:8: 665 daAuts
     D:1: 571 daAuts
     D:4: 558 daAuts
  Temple: 1 daAuts
